Colorado Rockies vs Tampa Bay Lightning
(R2)
Created - Saturday, November 18, 2023 at 06:30
Goals
|
| Colorado Rockies |
2 |
0 |
0 |
2 |
| Tampa Bay Lightning |
1 |
2 |
0 |
3 |
|
Shots
|
| Colorado Rockies |
20 |
13 |
11 |
44 |
| Tampa Bay Lightning |
10 |
13 |
11 |
34 |
|
1st period
1. Colorado Rockies , Tim Stutzle 21 (Kyle Connor 35, Nick Schmaltz 20) at 10:47 (PP)
2. Colorado Rockies , Dylan Strome 11 (Evgeny Kuznetsov 20, Nick Schmaltz 21) at 18:39
3. Tampa Bay Lightning , Christian Dvorak 8 (Moritz Seider 15) at 19:54
Penalties :
Darnell Nurse (TBL) for Slashing (Minor) at 10:41
2nd period
4. Tampa Bay Lightning , Travis Konecny 19 (Kirill Kaprizov 29) at 13:15
5. Tampa Bay Lightning , Johnny Gaudreau 32 (Anze Kopitar 35, Ryan Graves 7) at 15:31
Penalties :
Roman Josi (COL) for Holding (Minor) at 1:40, Gustav Nyquist (TBL) for Hooking (Minor) at 4:13, Roman Josi (COL) for Slashing (Minor) at 4:25, Tim Stutzle (COL) for High sticking (Minor) at 4:49, Travis Konecny (TBL) for Holding (Minor) at 9:54, Quinn Hughes (COL) for Charging (Minor) at 18:51
3rd period
No Goal
Penalties :
Michael Matheson (TBL) for Hooking (Minor) at 4:00, Darnell Nurse (TBL) for Cross-checking (Minor) at 13:01, Dylan Cozens (TBL) for Tripping (Minor) at 18:07
Goalie Stats
Andrei Vasilevskiy (COL), 31 saves from 34 shots - (0.912), L, 24-14-2, 60:00 minutes
Filip Gustavsson (TBL), 42 saves from 44 shots - (0.955), W, 29-15-5, 60:00 minutes
Players Stats for Colorado Rockies
Player Name G A P +/- PIM S H SB GA TA FO MP PP MP PK MP
------------------------------------------------------------------------------------
David Pastrnak 0 0 0 -2 0 5 0 1 0 1 1/7 16:26 4:05 0:00
Dylan Strome 1 0 1 1 0 1 1 1 0 0 1/2 11:59 0:00 0:00
Evgeny Kuznetsov 0 1 1 1 0 3 2 1 1 1 5/16 14:38 0:00 2:09
Jesper Bratt 0 0 0 0 0 9 0 0 0 0 0/1 13:00 0:00 0:00
Kevin Hayes 0 0 0 -1 0 0 0 0 0 0 1/3 8:25 0:00 0:00
Kyle Connor 0 1 1 -2 0 2 1 1 0 1 1/1 16:05 4:02 0:00
Kyle Palmieri 0 0 0 -1 0 2 1 1 0 0 1/1 8:25 0:00 0:00
Martin Fehervary 0 0 0 0 0 2 2 3 0 2 0/0 16:14 0:00 3:15
Nick Bonino 0 0 0 -1 0 1 1 1 0 1 3/3 11:26 0:00 2:49
Nick Schmaltz 0 2 2 1 0 4 3 0 0 0 0/0 18:16 4:11 2:09
Nikita Kucherov 0 0 0 0 0 2 0 0 1 0 0/0 16:24 3:56 0:00
Quinn Hughes 0 0 0 0 2 1 0 1 1 2 0/0 22:52 4:06 1:41
Roman Josi 0 0 0 -2 4 4 1 0 0 1 0/0 21:16 4:00 1:12
Ryan O'Reilly 0 0 0 0 0 1 0 0 0 0 7/12 19:34 4:05 3:01
Shea Theodore 0 0 0 0 0 1 0 1 0 0 0/0 17:00 4:01 0:00
Tim Stutzle 1 0 1 -2 2 3 3 0 1 2 9/19 17:02 4:02 0:00
Victor Hedman 0 0 0 0 0 1 1 0 1 1 0/0 24:48 4:06 3:15
Zachary Werenski 0 0 0 -2 0 2 0 5 0 0 0/0 18:10 0:00 2:42
Players Stats for Tampa Bay Lightning
Player Name G A P +/- PIM S H SB GA TA FO MP PP MP PK MP
------------------------------------------------------------------------------------
Alexander Kerfoot 0 0 0 1 0 1 0 1 0 0 1/1 12:23 0:00 3:56
Anze Kopitar 0 1 1 1 0 5 1 0 0 0 6/15 17:12 0:00 4:02
Christian Dvorak 1 0 1 1 0 4 0 0 0 0 4/6 12:46 0:00 4:04
Darnell Nurse 0 0 0 -1 4 1 2 1 0 2 0/0 23:55 2:02 3:20
Dylan Cozens 0 0 0 -1 2 2 1 0 3 0 13/21 14:10 2:20 0:00
Gustav Nyquist 0 0 0 1 2 1 0 0 1 0 0/0 12:36 0:00 3:55
Hampus Lindholm 0 0 0 -1 0 2 2 1 1 0 0/0 22:04 2:02 0:39
Ivan Barbashev 0 0 0 -1 0 1 2 0 2 0 0/0 11:50 0:00 0:00
Johnny Gaudreau 1 0 1 1 0 2 1 0 0 0 1/1 14:46 2:20 0:00
Kirill Kaprizov 0 1 1 1 0 4 1 0 1 0 0/0 15:51 2:14 0:01
Michael Matheson 0 0 0 2 2 3 0 1 0 0 0/0 16:13 2:32 0:18
Moritz Seider 0 1 1 1 0 0 2 1 0 1 0/0 21:57 2:12 3:50
Roope Hintz 0 0 0 -1 0 1 1 0 1 0 1/6 14:15 2:14 0:00
Ryan Graves 0 1 1 2 0 1 3 0 0 0 0/0 16:47 0:00 3:56
Tomas Hertl 0 0 0 1 0 0 2 1 0 0 10/14 12:37 0:00 0:00
Travis Konecny 1 0 1 1 2 6 2 0 2 1 0/0 16:02 2:14 0:16
Tyler Toffoli 0 0 0 1 0 0 0 0 1 0 0/1 14:46 2:20 0:00
Vladislav Gavrikov 0 0 0 1 0 0 1 0 0 1 0/0 19:49 0:20 4:11
3 Stars
1 - Filip Gustavsson (TBL)
2 - Nick Schmaltz (COL)
3 - Johnny Gaudreau (TBL)
Power Play
Colorado Rockies - 1 on 7 Attempt(s) - 14.29%
Tampa Bay Lightning - 0 on 3 Attempt(s) - 0.00%
Penalty Kill
Colorado Rockies - 3 on 3 Attempt(s) - 100.00%
- Score 0 goal in Penalty Kill
Tampa Bay Lightning - 6 on 7 Attempt(s) - 85.71%
- Score 0 goal in Penalty Kill
Team Stat
Colorado Rockies - Hits : 16 - Faceoff Wins : 29 - Blocked Shots : 16 - Penalty Minutes : 8
Tampa Bay Lightning - Hits : 21 - Faceoff Wins : 36 - Blocked Shots : 6 - Penalty Minutes : 12
Official
Referees : TJ Luxmore and Brad Meier
Linesman : Brian Mach and Derek Amell
Game Notes
9:42 of 3rd period - Penalty Shot by Kirill Kaprizov for Tampa Bay Lightning - Shot Misses the Net
Finance
Level 1 -- Attendance: 6000 (100.00%) -- Ticket Income $570,000
Level 2 -- Attendance: 4862 (97.24%) -- Ticket Income $267,410
Level 3 -- Attendance: 2401 (80.03%) -- Ticket Income $81,634
Level 4 -- Attendance: 5000 (100.00%) -- Ticket Income $105,000
Luxury Box -- Attendance: 832 (83.20%) -- Ticket Income $162,240
Game was played at the Tampa Bay Times Forum.
Total Attendance: 19095 (95.48%)
Total Ticket Income: $1,186,284
Other Income: $415,199
Total Income: $1,601,483
Colorado Rockies
5 vs 5 Forward
Center Left Wing Right Wing Time % Phy DF OF
1 Tim Stutzle Kyle Connor David Pastrnak 30 1 2 2
2 Ryan O'Reilly Jesper Bratt Nikita Kucherov 30 1 2 2
3 Evgeny Kuznetsov Dylan Strome Nick Schmaltz 25 1 2 2
4 Kevin Hayes Nick Bonino Kyle Palmieri 15 1 2 2
5 vs 5 Defense
Defense Defense Time % Phy DF OF
1 Victor Hedman Quinn Hughes 40 1 2 2
2 Roman Josi Zachary Werenski 34 1 2 2
3 Martin Fehervary Shea Theodore 25 1 2 2
4 Victor Hedman Quinn Hughes 1 1 2 2
PowerPlay Forward
Center Left Wing Right Wing Time % Phy DF OF
1 Tim Stutzle Kyle Connor Nikita Kucherov 50 1 2 2
2 Ryan O'Reilly Nick Schmaltz David Pastrnak 50 1 2 2
PowerPlay Defense
Defense Defense Time % Phy DF OF
1 Victor Hedman Quinn Hughes 50 1 2 2
2 Roman Josi Shea Theodore 50 1 2 2
Penalty Kill 4 Players Forward
Center Wing Time % Phy DF OF
1 Ryan O'Reilly Nick Bonino 50 1 2 2
2 Evgeny Kuznetsov Nick Schmaltz 50 1 2 2
Penalty Kill 4 Players Defense
Defense Defense Time % Phy DF OF
1 Victor Hedman Martin Fehervary 50 1 2 2
2 Zachary Werenski Roman Josi 50 1 2 2
Penalty Kill - 3 Players Forward
Forward Time % Phy DF OF
1 Nick Bonino 50 1 2 2
2 Ryan O'Reilly 50 1 2 2
Penalty Kill - 3 Players Defense
Defense Defense Time % Phy DF OF
1 Victor Hedman Martin Fehervary 50 1 2 2
2 Roman Josi Zachary Werenski 50 1 2 2
4 vs 4 Forward
Center Wing Time % Phy DF OF
1 Tim Stutzle David Pastrnak 50 1 2 2
2 Ryan O'Reilly Kyle Connor 50 1 2 2
4 vs 4 Defense
Defense Defense Time % Phy DF OF
1 Victor Hedman Quinn Hughes 50 1 2 2
2 Roman Josi Shea Theodore 50 1 2 2
Last Minutes Offensive
Center Left Wing Right Wing Defense Defense
Ryan O'Reilly Kyle Connor David Pastrnak Victor Hedman Quinn Hughes
Last Minutes Defensive
Center Left Wing Right Wing Defense Defense
Ryan O'Reilly Kyle Connor David Pastrnak Victor Hedman Quinn Hughes
Goaltenders
Starting : Andrei Vasilevskiy
Backup : Ilya Samsonov
Extra Forwards
Normal : Nick Schmaltz, Evgeny Kuznetsov, Dylan Strome - PP : Nick Schmaltz, Evgeny Kuznetsov - PK : Dylan Strome
Extra Defensemen
Normal : Martin Fehervary, Quinn Hughes, Roman Josi - PP : Martin Fehervary - PK : Quinn Hughes, Roman Josi
Penalty Shots
Nikita Kucherov, Evgeny Kuznetsov, Kevin Hayes, Nick Schmaltz, Tim Stutzle
Tampa Bay Lightning
5 vs 5 Forward
Center Left Wing Right Wing Time % Phy DF OF
1 Tomas Hertl Kirill Kaprizov Travis Konecny 30 1 2 2
2 Dylan Cozens Roope Hintz Ivan Barbashev 30 1 2 2
3 Anze Kopitar Johnny Gaudreau Tyler Toffoli 30 1 2 2
4 Christian Dvorak Alexander Kerfoot Gustav Nyquist 10 1 2 2
5 vs 5 Defense
Defense Defense Time % Phy DF OF
1 Darnell Nurse Hampus Lindholm 40 1 2 2
2 Moritz Seider Vladislav Gavrikov 35 1 2 2
3 Michael Matheson Ryan Graves 25 0 3 2
4 Darnell Nurse Moritz Seider 0 1 2 2
PowerPlay Forward
Center Left Wing Right Wing Time % Phy DF OF
1 Roope Hintz Kirill Kaprizov Travis Konecny 50 1 2 2
2 Dylan Cozens Johnny Gaudreau Tyler Toffoli 50 1 2 2
PowerPlay Defense
Defense Defense Time % Phy DF OF
1 Michael Matheson Moritz Seider 50 1 2 2
2 Hampus Lindholm Darnell Nurse 50 1 2 2
Penalty Kill 4 Players Forward
Center Wing Time % Phy DF OF
1 Anze Kopitar Alexander Kerfoot 50 1 2 2
2 Christian Dvorak Gustav Nyquist 50 1 2 2
Penalty Kill 4 Players Defense
Defense Defense Time % Phy DF OF
1 Darnell Nurse Vladislav Gavrikov 50 1 2 2
2 Moritz Seider Ryan Graves 50 1 2 2
Penalty Kill - 3 Players Forward
Forward Time % Phy DF OF
1 Anze Kopitar 50 1 2 2
2 Christian Dvorak 50 1 2 2
Penalty Kill - 3 Players Defense
Defense Defense Time % Phy DF OF
1 Darnell Nurse Vladislav Gavrikov 50 1 2 2
2 Moritz Seider Ryan Graves 50 1 2 2
4 vs 4 Forward
Center Wing Time % Phy DF OF
1 Tomas Hertl Kirill Kaprizov 50 1 2 2
2 Anze Kopitar Travis Konecny 50 1 2 2
4 vs 4 Defense
Defense Defense Time % Phy DF OF
1 Michael Matheson Vladislav Gavrikov 50 1 2 2
2 Hampus Lindholm Ryan Graves 50 1 2 2
Last Minutes Offensive
Center Left Wing Right Wing Defense Defense
Anze Kopitar Kirill Kaprizov Travis Konecny Darnell Nurse Moritz Seider
Last Minutes Defensive
Center Left Wing Right Wing Defense Defense
Anze Kopitar Christian Dvorak Alexander Kerfoot Darnell Nurse Moritz Seider
Goaltenders
Starting : Filip Gustavsson
Backup : Darcy Kuemper
Extra Forwards
Normal : Tomas Hertl, Anze Kopitar, Dylan Cozens - PP : Tomas Hertl, Anze Kopitar - PK : Travis Konecny
Extra Defensemen
Normal : Vladislav Gavrikov, Ryan Graves, Hampus Lindholm - PP : Vladislav Gavrikov - PK : Ryan Graves, Hampus Lindholm
Penalty Shots
Gustav Nyquist, Kirill Kaprizov, Alexander Kerfoot, Anze Kopitar, Roope Hintz
% Time on Ice - Colorado Rockies
Lines # - Real PCT - Wanted PCT - Time Play
Normal Forward
1 - 27% - 30% - 12:15
2 - 29% - 30% - 13:20
3 - 25% - 25% - 11:32
4 - 18% - 15% - 8:25
Normal Defense
1 - 38% - 40% - 17:13
2 - 35% - 34% - 15:53
3 - 27% - 25% - 12:26
4 - 0% - 1% - 0:00
PP Forward
1 - 50% - 50% - 4:02
2 - 50% - 50% - 4:05
PP Defense
1 - 51% - 50% - 4:06
2 - 49% - 50% - 4:01
PK Forward
1 - 47% - 50% - 2:02
2 - 53% - 50% - 2:20
PK Defense
1 - 55% - 50% - 2:24
2 - 45% - 50% - 1:58
PK3 Forward
1 - 49% - 50% - 0:47
2 - 51% - 50% - 0:48
PK3 Defense
1 - 54% - 50% - 0:51
2 - 46% - 50% - 0:44
44 Forward
1 - 100% - 50% - 0:24
2 - 0% - 50% - 0:00
44 Defense
1 - 100% - 50% - 0:24
2 - 0% - 50% - 0:00
Last Minute Offensive - 0:00
Last Minute Defensive - 0:00
Total
Forward - 60:00
Defense - 60:00
|
% Time on Ice - Tampa Bay Lightning
Lines # - Real PCT - Wanted PCT - Time Play
Normal Forward
1 - 26% - 30% - 11:46
2 - 28% - 30% - 12:54
3 - 27% - 30% - 12:25
4 - 19% - 10% - 8:27
Normal Defense
1 - 42% - 40% - 19:06
2 - 35% - 35% - 15:45
3 - 23% - 25% - 10:41
4 - 0% - 0% - 0:00
PP Forward
1 - 49% - 50% - 2:14
2 - 51% - 50% - 2:20
PP Defense
1 - 55% - 50% - 2:32
2 - 45% - 50% - 2:02
PK Forward
1 - 50% - 50% - 4:02
2 - 50% - 50% - 4:05
PK Defense
1 - 52% - 50% - 4:11
2 - 48% - 50% - 3:56
PK3 Forward
1 - 0% - 50%
2 - 0% - 50%
PK3 Defense
1 - 0% - 50%
2 - 0% - 50%
44 Forward
1 - 58% - 50% - 1:02
2 - 42% - 50% - 0:45
44 Defense
1 - 55% - 50% - 0:59
2 - 45% - 50% - 0:48
Last Minute Offensive - 0:00
Last Minute Defensive - 0:00
Total
Forward - 60:00
Defense - 60:00
|
Play-by-Play
1st period
0:01 of 1st period - David Pastrnak wins face-off versus Tomas Hertl in neutral zone.
0:26 of 1st period - Hampus Lindholm is hit by Victor Hedman and loses puck.
0:37 of 1st period - Wrist shot by Dylan Strome.
0:37 of 1st period - Shot Misses the Net.
0:39 of 1st period - Wrist shot by Roman Josi.
0:39 of 1st period - Stopped by Filip Gustavsson without a rebound.
0:40 of 1st period - Ryan O'Reilly wins face-off versus Anze Kopitar in Tampa Bay Lightning zone.
0:45 of 1st period - Snap shot by Nikita Kucherov.
0:45 of 1st period - Shot Misses the Net.
0:47 of 1st period - Slapshot by Martin Fehervary.
0:47 of 1st period - Stopped by Filip Gustavsson without a rebound.
0:48 of 1st period - Ryan O'Reilly wins face-off versus Anze Kopitar in Tampa Bay Lightning zone.
1:05 of 1st period - Wrist shot by Anze Kopitar.
1:05 of 1st period - Shot Blocked by Shea Theodore.
1:27 of 1st period - Wrist shot by Jesper Bratt.
1:27 of 1st period - Shot Misses the Net.
1:29 of 1st period - Slapshot by Shea Theodore.
1:29 of 1st period - Stopped by Filip Gustavsson with a rebound.
1:49 of 1st period - Snap shot by Nikita Kucherov.
1:49 of 1st period - Shot Misses the Net.
2:13 of 1st period - Wrist shot by Jesper Bratt.
2:13 of 1st period - Stopped by Filip Gustavsson without a rebound.
2:14 of 1st period - Dylan Cozens wins face-off versus Tim Stutzle in Tampa Bay Lightning zone.
2:23 of 1st period - Michael Matheson is hit by Tim Stutzle and loses puck.
2:42 of 1st period - Wrist shot by Travis Konecny.
2:42 of 1st period - Stopped by Andrei Vasilevskiy without a rebound.
2:43 of 1st period - Kyle Palmieri wins face-off versus Tomas Hertl in Colorado Rockies zone.
2:52 of 1st period - Snap shot by Kevin Hayes.
2:52 of 1st period - Shot Misses the Net.
3:10 of 1st period - Darnell Nurse is hit by Kyle Palmieri and loses puck.
3:17 of 1st period - Slapshot by Hampus Lindholm.
3:17 of 1st period - Shot Misses the Net.
3:36 of 1st period - Snap shot by Kirill Kaprizov.
3:36 of 1st period - Stopped by Andrei Vasilevskiy without a rebound.
3:37 of 1st period - Dylan Cozens wins face-off versus Evgeny Kuznetsov in Colorado Rockies zone.
3:42 of 1st period - Snap shot by Dylan Cozens.
3:42 of 1st period - Stopped by Andrei Vasilevskiy with a rebound.
4:04 of 1st period - Vladislav Gavrikov is hit by Kyle Connor and loses puck.
4:13 of 1st period - Wrist shot by Kyle Connor.
4:13 of 1st period - Stopped by Filip Gustavsson with a rebound.
4:33 of 1st period - Vladislav Gavrikov is hit by Martin Fehervary and loses puck.
4:43 of 1st period - Off-side.
4:44 of 1st period - Evgeny Kuznetsov wins face-off versus Dylan Cozens in neutral zone.
4:49 of 1st period - Snap shot by Dylan Strome.
4:49 of 1st period - Shot Misses the Net.
5:11 of 1st period - Wrist shot by David Pastrnak.
5:11 of 1st period - Stopped by Filip Gustavsson with a rebound.
5:13 of 1st period - Wrist shot by Tim Stutzle.
5:13 of 1st period - Shot Blocked by Alexander Kerfoot.
5:15 of 1st period - Slapshot by Quinn Hughes.
5:15 of 1st period - Deflect By David Pastrnak.
5:15 of 1st period - Shot Misses the Net.
5:15 of 1st period - Puck is out of play.
5:16 of 1st period - Tim Stutzle wins face-off versus Dylan Cozens in Tampa Bay Lightning zone.
5:33 of 1st period - Snap shot by David Pastrnak.
5:33 of 1st period - Deflect By Tim Stutzle.
5:33 of 1st period - Stopped by Filip Gustavsson without a rebound.
5:34 of 1st period - Tomas Hertl wins face-off versus Evgeny Kuznetsov in Tampa Bay Lightning zone.
5:46 of 1st period - Off-side.
5:47 of 1st period - Dylan Cozens wins face-off versus Tim Stutzle in neutral zone.
6:26 of 1st period - Snap shot by Evgeny Kuznetsov.
6:26 of 1st period - Shot Misses the Net.
6:37 of 1st period - Off-side.
6:38 of 1st period - Ryan O'Reilly wins face-off versus Anze Kopitar in neutral zone.
6:49 of 1st period - Slapshot by Jesper Bratt.
6:49 of 1st period - Shot Misses the Net.
6:51 of 1st period - Slapshot by Ryan O'Reilly.
6:51 of 1st period - Stopped by Filip Gustavsson without a rebound.
6:52 of 1st period - Dylan Cozens wins face-off versus Tim Stutzle in Tampa Bay Lightning zone.
7:05 of 1st period - Wrist shot by David Pastrnak.
7:05 of 1st period - Stopped by Filip Gustavsson without a rebound.
7:06 of 1st period - Christian Dvorak wins face-off versus Evgeny Kuznetsov in Tampa Bay Lightning zone.
7:31 of 1st period - Travis Konecny is hit by Tim Stutzle and loses puck.
7:40 of 1st period - Snap shot by David Pastrnak.
7:40 of 1st period - Stopped by Filip Gustavsson with a rebound.
7:42 of 1st period - Wrist shot by Roman Josi.
7:42 of 1st period - Shot Blocked by Darnell Nurse.
8:21 of 1st period - Wrist shot by Anze Kopitar.
8:21 of 1st period - Shot Blocked by Martin Fehervary.
9:04 of 1st period - Slapshot by Jesper Bratt.
9:04 of 1st period - Stopped by Filip Gustavsson with a rebound.
9:28 of 1st period - Wrist shot by Jesper Bratt.
9:28 of 1st period - Deflect By Nikita Kucherov.
9:28 of 1st period - Stopped by Filip Gustavsson with a rebound.
9:34 of 1st period - Snap shot by Jesper Bratt.
9:34 of 1st period - Shot Misses the Net.
9:36 of 1st period - Snap shot by Ryan O'Reilly.
9:36 of 1st period - Shot Misses the Net.
10:17 of 1st period - Wrist shot by Jesper Bratt.
10:17 of 1st period - Stopped by Filip Gustavsson without a rebound.
10:18 of 1st period - Tim Stutzle wins face-off versus Dylan Cozens in Tampa Bay Lightning zone.
10:21 of 1st period - Slapshot by Kyle Connor.
10:21 of 1st period - Stopped by Filip Gustavsson with a rebound.
10:41 of 1st period - Minor Penalty to Darnell Nurse for Slashing.
10:42 of 1st period - Tim Stutzle wins face-off versus Anze Kopitar in Tampa Bay Lightning zone.
10:47 of 1st period - Wrist shot by Tim Stutzle.
10:47 of 1st period - Goal by Tim Stutzle - Colorado Rockies : 1 - Tampa Bay Lightning : 0.
10:48 of 1st period - Tomas Hertl wins face-off versus Evgeny Kuznetsov in neutral zone.
11:15 of 1st period - Quinn Hughes is hit by Anze Kopitar and loses puck.
11:42 of 1st period - Nick Bonino is hit by Darnell Nurse and loses puck.
12:12 of 1st period - Wrist shot by Alexander Kerfoot.
12:12 of 1st period - Shot Misses the Net.
12:32 of 1st period - Slapshot by Jesper Bratt.
12:32 of 1st period - Stopped by Filip Gustavsson with a rebound.
13:04 of 1st period - Dylan Strome is hit by Ivan Barbashev.
13:13 of 1st period - Off-side.
13:14 of 1st period - Christian Dvorak wins face-off versus Kevin Hayes in neutral zone.
14:49 of 1st period - Wrist shot by Alexander Kerfoot.
14:49 of 1st period - Stopped by Andrei Vasilevskiy without a rebound.
14:50 of 1st period - Tim Stutzle wins face-off versus Tomas Hertl in Colorado Rockies zone.
14:50 of 1st period - Tim Stutzle is hit by Ryan Graves.
14:56 of 1st period - Wrist shot by David Pastrnak.
14:56 of 1st period - Stopped by Filip Gustavsson with a rebound.
16:04 of 1st period - Slapshot by Jesper Bratt.
16:04 of 1st period - Stopped by Filip Gustavsson with a rebound.
16:22 of 1st period - Backhand shot by Kirill Kaprizov.
16:22 of 1st period - Shot Misses the Net.
16:24 of 1st period - Wrist shot by Travis Konecny.
16:24 of 1st period - Stopped by Andrei Vasilevskiy without a rebound.
16:25 of 1st period - Tomas Hertl wins face-off versus Tim Stutzle in Colorado Rockies zone.
16:25 of 1st period - Tomas Hertl is hit by Roman Josi.
16:31 of 1st period - Snap shot by Travis Konecny.
16:31 of 1st period - Stopped by Andrei Vasilevskiy with a rebound.
16:33 of 1st period - Wrist shot by Darnell Nurse.
16:33 of 1st period - Stopped by Andrei Vasilevskiy without a rebound.
16:34 of 1st period - Tim Stutzle wins face-off versus Anze Kopitar in Colorado Rockies zone.
16:51 of 1st period - Wrist shot by Kyle Connor.
16:51 of 1st period - Shot Hit the Post.
17:17 of 1st period - Slapshot by Roman Josi.
17:17 of 1st period - Shot Misses the Net.
17:31 of 1st period - Wrist shot by Kirill Kaprizov.
17:31 of 1st period - Deflect By Victor Hedman.
17:31 of 1st period - Stopped by Andrei Vasilevskiy with a rebound.
17:57 of 1st period - Wrist shot by Kevin Hayes.
17:57 of 1st period - Shot Blocked by Tomas Hertl.
18:03 of 1st period - Shea Theodore is hit by Travis Konecny and loses puck.
18:21 of 1st period - Slapshot by David Pastrnak.
18:21 of 1st period - Shot Misses the Net.
18:35 of 1st period - Slapshot by Nick Schmaltz.
18:35 of 1st period - Stopped by Filip Gustavsson with a rebound.
18:37 of 1st period - Snap shot by Evgeny Kuznetsov.
18:37 of 1st period - Shot Blocked by Hampus Lindholm.
18:39 of 1st period - Snap shot by Dylan Strome.
18:39 of 1st period - Goal by Dylan Strome - Colorado Rockies : 2 - Tampa Bay Lightning : 0.
18:40 of 1st period - Dylan Cozens wins face-off versus Evgeny Kuznetsov in neutral zone.
19:40 of 1st period - Wrist shot by Tomas Hertl.
19:40 of 1st period - Shot Misses the Net.
19:42 of 1st period - Snap shot by Kirill Kaprizov.
19:42 of 1st period - Stopped by Andrei Vasilevskiy with a rebound.
19:44 of 1st period - Slapshot by Hampus Lindholm.
19:44 of 1st period - Shot Blocked by Nick Bonino.
19:54 of 1st period - Snap shot by Christian Dvorak.
19:54 of 1st period - Goal by Christian Dvorak - Colorado Rockies : 2 - Tampa Bay Lightning : 1.
19:55 of 1st period - Dylan Cozens wins face-off versus Tim Stutzle in neutral zone.
Goals for this period are 2 for Colorado Rockies vs 1 for Tampa Bay Lightning.
Shots for this period are 20 for Colorado Rockies vs 10 for Tampa Bay Lightning.
2nd period
0:01 of 2nd period - Anze Kopitar wins face-off versus Evgeny Kuznetsov in neutral zone.
1:08 of 2nd period - Ryan O'Reilly is hit by Hampus Lindholm and loses puck.
1:35 of 2nd period - Slapshot by Johnny Gaudreau.
1:35 of 2nd period - Deflect By Anze Kopitar.
1:35 of 2nd period - Stopped by Andrei Vasilevskiy without a rebound.
1:36 of 2nd period - Dylan Cozens wins face-off versus Tim Stutzle in Colorado Rockies zone.
1:40 of 2nd period - Minor Penalty to Roman Josi for Holding.
1:41 of 2nd period - Ryan O'Reilly wins face-off versus Roope Hintz in Colorado Rockies zone.
1:41 of 2nd period - Ryan O'Reilly is hit by Travis Konecny.
1:47 of 2nd period - Icing by Michael Matheson.
1:48 of 2nd period - Evgeny Kuznetsov wins face-off versus Roope Hintz in Tampa Bay Lightning zone.
1:59 of 2nd period - Backhand shot by Nick Schmaltz.
1:59 of 2nd period - Deflect By Evgeny Kuznetsov.
1:59 of 2nd period - Stopped by Filip Gustavsson without a rebound.
2:00 of 2nd period - Nick Bonino wins face-off versus Tyler Toffoli in Tampa Bay Lightning zone.
2:47 of 2nd period - Slapshot by Zachary Werenski.
2:47 of 2nd period - Shot Misses the Net.
3:40 of 2nd period - Penalty to Roman Josi is over, Roman Josi is back on ice.
3:47 of 2nd period - Slapshot by Christian Dvorak.
3:47 of 2nd period - Stopped by Andrei Vasilevskiy with a rebound.
3:49 of 2nd period - Slapshot by Christian Dvorak.
3:49 of 2nd period - Stopped by Andrei Vasilevskiy without a rebound.
3:50 of 2nd period - Christian Dvorak wins face-off versus Tim Stutzle in Colorado Rockies zone.
4:13 of 2nd period - Minor Penalty to Gustav Nyquist for Hooking.
4:14 of 2nd period - Ryan O'Reilly wins face-off versus Christian Dvorak in Tampa Bay Lightning zone.
4:25 of 2nd period - Minor Penalty to Roman Josi for Slashing.
4:26 of 2nd period - Tomas Hertl wins face-off versus David Pastrnak in Colorado Rockies zone.
4:49 of 2nd period - Minor Penalty to Tim Stutzle for High sticking.
4:50 of 2nd period - Nick Bonino wins face-off versus Anze Kopitar in Colorado Rockies zone.
6:08 of 2nd period - Victor Hedman is hit by Kirill Kaprizov and loses puck.
6:13 of 2nd period - Penalty to Gustav Nyquist is over, Gustav Nyquist is back on ice.
6:25 of 2nd period - Penalty to Roman Josi is over, Roman Josi is back on ice.
6:45 of 2nd period - Darnell Nurse is hit by Evgeny Kuznetsov and loses puck.
6:49 of 2nd period - Penalty to Tim Stutzle is over, Tim Stutzle is back on ice.
7:12 of 2nd period - Wrist shot by Tim Stutzle.
7:12 of 2nd period - Stopped by Filip Gustavsson with a rebound.
7:22 of 2nd period - Snap shot by Nick Schmaltz.
7:22 of 2nd period - Deflect By Tim Stutzle.
7:22 of 2nd period - Shot Misses the Net.
7:22 of 2nd period - Puck is out of play.
7:23 of 2nd period - Anze Kopitar wins face-off versus Kevin Hayes in Tampa Bay Lightning zone.
7:30 of 2nd period - Snap shot by Anze Kopitar.
7:30 of 2nd period - Shot Misses the Net.
7:32 of 2nd period - Backhand shot by Johnny Gaudreau.
7:32 of 2nd period - Shot Misses the Net.
7:34 of 2nd period - Wrist shot by Johnny Gaudreau.
7:34 of 2nd period - Shot Blocked by Martin Fehervary.
7:36 of 2nd period - Slapshot by Hampus Lindholm.
7:36 of 2nd period - Stopped by Andrei Vasilevskiy with a rebound.
7:38 of 2nd period - Slapshot by Hampus Lindholm.
7:38 of 2nd period - Stopped by Andrei Vasilevskiy with a rebound.
7:48 of 2nd period - Jesper Bratt is hit by Johnny Gaudreau and loses puck.
8:01 of 2nd period - Wrist shot by Anze Kopitar.
8:01 of 2nd period - Shot Misses the Net.
9:03 of 2nd period - Wrist shot by Nikita Kucherov.
9:03 of 2nd period - Deflect By Jesper Bratt.
9:03 of 2nd period - Stopped by Filip Gustavsson without a rebound.
9:04 of 2nd period - Tim Stutzle wins face-off versus Dylan Cozens in Tampa Bay Lightning zone.
9:07 of 2nd period - Snap shot by David Pastrnak.
9:07 of 2nd period - Stopped by Filip Gustavsson with a rebound.
9:09 of 2nd period - Slapshot by Victor Hedman.
9:09 of 2nd period - Stopped by Filip Gustavsson without a rebound.
9:10 of 2nd period - Tim Stutzle wins face-off versus Dylan Cozens in Tampa Bay Lightning zone.
9:54 of 2nd period - Minor Penalty to Travis Konecny for Holding.
9:55 of 2nd period - Tim Stutzle wins face-off versus Christian Dvorak in Tampa Bay Lightning zone.
9:58 of 2nd period - Wrist shot by Nikita Kucherov.
9:58 of 2nd period - Stopped by Filip Gustavsson with a rebound.
10:30 of 2nd period - Slapshot by Roman Josi.
10:30 of 2nd period - Deflect By Anze Kopitar.
10:30 of 2nd period - Stopped by Filip Gustavsson without a rebound.
10:31 of 2nd period - Kyle Connor wins face-off versus Anze Kopitar in Tampa Bay Lightning zone.
10:56 of 2nd period - David Pastrnak is hit by Ryan Graves and loses puck.
11:54 of 2nd period - Penalty to Travis Konecny is over, Travis Konecny is back on ice.
12:16 of 2nd period - Moritz Seider is hit by Nick Bonino and loses puck.
12:35 of 2nd period - Quinn Hughes is hit by Hampus Lindholm.
12:39 of 2nd period - Slapshot by Victor Hedman.
12:39 of 2nd period - Shot Misses the Net.
12:41 of 2nd period - Wrist shot by Kyle Palmieri.
12:41 of 2nd period - Stopped by Filip Gustavsson with a rebound.
12:43 of 2nd period - Backhand shot by Kyle Palmieri.
12:43 of 2nd period - Deflect By Tomas Hertl.
12:43 of 2nd period - Stopped by Filip Gustavsson without a rebound.
12:44 of 2nd period - Dylan Cozens wins face-off versus Evgeny Kuznetsov in Tampa Bay Lightning zone.
12:59 of 2nd period - Vladislav Gavrikov is hit by Nick Schmaltz and loses puck.
13:10 of 2nd period - Roman Josi is hit by Moritz Seider and loses puck.
13:15 of 2nd period - Wrist shot by Travis Konecny.
13:15 of 2nd period - Goal by Travis Konecny - Colorado Rockies : 2 - Tampa Bay Lightning : 2.
13:16 of 2nd period - Tomas Hertl wins face-off versus David Pastrnak in neutral zone.
13:27 of 2nd period - Quinn Hughes is hit by Tomas Hertl and loses puck.
13:31 of 2nd period - Off-side.
13:32 of 2nd period - Dylan Cozens wins face-off versus Evgeny Kuznetsov in neutral zone.
13:35 of 2nd period - Roman Josi is hit by Dylan Cozens and loses puck.
13:44 of 2nd period - Slapshot by Roope Hintz.
13:44 of 2nd period - Shot Blocked by Zachary Werenski.
13:46 of 2nd period - Slapshot by Darnell Nurse.
13:46 of 2nd period - Shot Misses the Net.
13:48 of 2nd period - Wrist shot by Ivan Barbashev.
13:48 of 2nd period - Shot Misses the Net.
14:30 of 2nd period - Snap shot by Jesper Bratt.
14:30 of 2nd period - Stopped by Filip Gustavsson with a rebound.
14:42 of 2nd period - Slapshot by Quinn Hughes.
14:42 of 2nd period - Shot Blocked by Michael Matheson.
15:02 of 2nd period - Wrist shot by Tyler Toffoli.
15:02 of 2nd period - Shot Misses the Net.
15:04 of 2nd period - Snap shot by Anze Kopitar.
15:04 of 2nd period - Shot Hit the Post.
15:06 of 2nd period - Backhand shot by Anze Kopitar.
15:06 of 2nd period - Shot Misses the Net.
15:08 of 2nd period - Wrist shot by Anze Kopitar.
15:08 of 2nd period - Shot Misses the Net.
15:10 of 2nd period - Wrist shot by Anze Kopitar.
15:10 of 2nd period - Shot Misses the Net.
15:23 of 2nd period - Snap shot by Johnny Gaudreau.
15:23 of 2nd period - Shot Blocked by Kyle Palmieri.
15:25 of 2nd period - Slapshot by Ryan Graves.
15:25 of 2nd period - Stopped by Andrei Vasilevskiy with a rebound.
15:27 of 2nd period - Slapshot by Michael Matheson.
15:27 of 2nd period - Stopped by Andrei Vasilevskiy with a rebound.
15:29 of 2nd period - Slapshot by Ryan Graves.
15:29 of 2nd period - Deflect By Anze Kopitar.
15:29 of 2nd period - Stopped by Andrei Vasilevskiy with a rebound.
15:31 of 2nd period - Snap shot by Johnny Gaudreau.
15:31 of 2nd period - Goal by Johnny Gaudreau - Colorado Rockies : 2 - Tampa Bay Lightning : 3.
15:32 of 2nd period - Tim Stutzle wins face-off versus Tomas Hertl in neutral zone.
15:48 of 2nd period - Slapshot by Kirill Kaprizov.
15:48 of 2nd period - Deflect By Tomas Hertl.
15:48 of 2nd period - Shot Blocked by David Pastrnak.
15:48 of 2nd period - Puck is out of play.
15:49 of 2nd period - Dylan Cozens wins face-off versus Evgeny Kuznetsov in Colorado Rockies zone.
15:50 of 2nd period - Snap shot by Roope Hintz.
15:50 of 2nd period - Shot Misses the Net.
16:15 of 2nd period - Quinn Hughes is hit by Moritz Seider and loses puck.
16:40 of 2nd period - Snap shot by Travis Konecny.
16:40 of 2nd period - Deflect By Zachary Werenski.
16:40 of 2nd period - Shot Blocked by Zachary Werenski.
16:40 of 2nd period - Puck is out of play.
16:41 of 2nd period - Christian Dvorak wins face-off versus Ryan O'Reilly in Colorado Rockies zone.
16:48 of 2nd period - Wrist shot by Christian Dvorak.
16:48 of 2nd period - Stopped by Andrei Vasilevskiy with a rebound.
17:48 of 2nd period - Alexander Kerfoot is hit by Martin Fehervary and loses puck.
18:19 of 2nd period - Snap shot by Jesper Bratt.
18:19 of 2nd period - Stopped by Filip Gustavsson with a rebound.
18:21 of 2nd period - Slapshot by Martin Fehervary.
18:21 of 2nd period - Deflect By Hampus Lindholm.
18:21 of 2nd period - Stopped by Filip Gustavsson without a rebound.
18:22 of 2nd period - Dylan Strome wins face-off versus Roope Hintz in Tampa Bay Lightning zone.
18:29 of 2nd period - Snap shot by Nick Schmaltz.
18:29 of 2nd period - Stopped by Filip Gustavsson without a rebound.
18:30 of 2nd period - Evgeny Kuznetsov wins face-off versus Dylan Cozens in Tampa Bay Lightning zone.
18:51 of 2nd period - Minor Penalty to Quinn Hughes for Charging.
18:52 of 2nd period - Dylan Cozens wins face-off versus Evgeny Kuznetsov in Colorado Rockies zone.
19:08 of 2nd period - Wrist shot by Johnny Gaudreau.
19:08 of 2nd period - Stopped by Andrei Vasilevskiy without a rebound.
19:09 of 2nd period - Nick Bonino wins face-off versus Roope Hintz in Colorado Rockies zone.
19:09 of 2nd period - Nick Bonino is hit by Roope Hintz.
19:23 of 2nd period - Slapshot by Roope Hintz.
19:23 of 2nd period - Stopped by Andrei Vasilevskiy with a rebound.
19:25 of 2nd period - Slapshot by Darnell Nurse.
19:25 of 2nd period - Deflect By Travis Konecny.
19:25 of 2nd period - Shot Blocked by Martin Fehervary.
19:25 of 2nd period - Puck is out of play.
19:26 of 2nd period - Dylan Cozens wins face-off versus Ryan O'Reilly in Colorado Rockies zone.
Goals for this period are 0 for Colorado Rockies vs 2 for Tampa Bay Lightning.
Shots for this period are 13 for Colorado Rockies vs 13 for Tampa Bay Lightning.
3rd period
0:01 of 3rd period - Johnny Gaudreau wins face-off versus Ryan O'Reilly in neutral zone.
0:10 of 3rd period - Wrist shot by Dylan Cozens.
0:10 of 3rd period - Deflect By Johnny Gaudreau.
0:10 of 3rd period - Shot Misses the Net.
0:10 of 3rd period - Puck is out of play.
0:11 of 3rd period - Ryan O'Reilly wins face-off versus Roope Hintz in Colorado Rockies zone.
0:51 of 3rd period - Penalty to Quinn Hughes is over, Quinn Hughes is back on ice.
1:28 of 3rd period - Snap shot by Nick Schmaltz.
1:28 of 3rd period - Stopped by Filip Gustavsson with a rebound.
1:30 of 3rd period - Snap shot by Dylan Strome.
1:30 of 3rd period - Shot Misses the Net.
1:46 of 3rd period - Snap shot by Dylan Cozens.
1:46 of 3rd period - Stopped by Andrei Vasilevskiy with a rebound.
2:07 of 3rd period - Backhand shot by Ivan Barbashev.
2:07 of 3rd period - Stopped by Andrei Vasilevskiy with a rebound.
2:46 of 3rd period - Snap shot by Alexander Kerfoot.
2:46 of 3rd period - Shot Misses the Net.
2:48 of 3rd period - Slapshot by Hampus Lindholm.
2:48 of 3rd period - Shot Blocked by Evgeny Kuznetsov.
2:50 of 3rd period - Snap shot by Christian Dvorak.
2:50 of 3rd period - Deflect By Gustav Nyquist.
2:50 of 3rd period - Stopped by Andrei Vasilevskiy without a rebound.
2:51 of 3rd period - Tomas Hertl wins face-off versus David Pastrnak in Colorado Rockies zone.
3:01 of 3rd period - Icing by Kyle Connor.
3:02 of 3rd period - Roope Hintz wins face-off versus Tim Stutzle in Colorado Rockies zone.
3:11 of 3rd period - Slapshot by Zachary Werenski.
3:11 of 3rd period - Stopped by Filip Gustavsson with a rebound.
3:13 of 3rd period - Backhand shot by Tim Stutzle.
3:13 of 3rd period - Shot Misses the Net.
3:15 of 3rd period - Slapshot by Zachary Werenski.
3:15 of 3rd period - Stopped by Filip Gustavsson with a rebound.
3:29 of 3rd period - Slapshot by Zachary Werenski.
3:29 of 3rd period - Shot Blocked by Moritz Seider.
3:55 of 3rd period - Slapshot by Johnny Gaudreau.
3:55 of 3rd period - Shot Blocked by Zachary Werenski.
3:57 of 3rd period - Slapshot by Tyler Toffoli.
3:57 of 3rd period - Shot Misses the Net.
3:59 of 3rd period - Wrist shot by Anze Kopitar.
3:59 of 3rd period - Stopped by Andrei Vasilevskiy with a rebound.
4:00 of 3rd period - Minor Penalty to Michael Matheson for Hooking.
4:01 of 3rd period - Alexander Kerfoot wins face-off versus Tim Stutzle in Tampa Bay Lightning zone.
4:31 of 3rd period - Victor Hedman is hit by Ryan Graves and loses puck.
5:10 of 3rd period - Kyle Connor is hit by Vladislav Gavrikov and loses puck.
6:00 of 3rd period - Penalty to Michael Matheson is over, Michael Matheson is back on ice.
6:21 of 3rd period - Slapshot by Kyle Palmieri.
6:21 of 3rd period - Shot Misses the Net.
7:25 of 3rd period - Kevin Hayes is hit by Ivan Barbashev.
7:35 of 3rd period - Slapshot by Darnell Nurse.
7:35 of 3rd period - Shot Misses the Net.
7:47 of 3rd period - Slapshot by Michael Matheson.
7:47 of 3rd period - Stopped by Andrei Vasilevskiy with a rebound.
7:49 of 3rd period - Snap shot by Anze Kopitar.
7:49 of 3rd period - Stopped by Andrei Vasilevskiy with a rebound.
7:51 of 3rd period - Slapshot by Vladislav Gavrikov.
7:51 of 3rd period - Deflect By Johnny Gaudreau.
7:51 of 3rd period - Shot Blocked by Dylan Strome.
7:51 of 3rd period - Puck is out of play.
7:52 of 3rd period - Anze Kopitar wins face-off versus Ryan O'Reilly in Colorado Rockies zone.
8:03 of 3rd period - Snap shot by Anze Kopitar.
8:03 of 3rd period - Stopped by Andrei Vasilevskiy with a rebound.
8:13 of 3rd period - Wrist shot by Roman Josi.
8:13 of 3rd period - Stopped by Filip Gustavsson without a rebound.
8:14 of 3rd period - Evgeny Kuznetsov wins face-off versus Dylan Cozens in Tampa Bay Lightning zone.
8:35 of 3rd period - Travis Konecny is hit by Nick Schmaltz.
8:39 of 3rd period - Quinn Hughes is hit by Darnell Nurse and loses puck.
8:46 of 3rd period - Slapshot by Roman Josi.
8:46 of 3rd period - Stopped by Filip Gustavsson without a rebound.
8:47 of 3rd period - Dylan Cozens wins face-off versus David Pastrnak in Tampa Bay Lightning zone.
8:56 of 3rd period - Slapshot by Dylan Cozens.
8:56 of 3rd period - Shot Blocked by Kyle Connor.
8:58 of 3rd period - Wrist shot by Ivan Barbashev.
8:58 of 3rd period - Shot Blocked by Zachary Werenski.
9:00 of 3rd period - Wrist shot by Ryan Graves.
9:00 of 3rd period - Shot Blocked by Zachary Werenski.
9:02 of 3rd period - Slapshot by Michael Matheson.
9:02 of 3rd period - Stopped by Andrei Vasilevskiy without a rebound.
9:03 of 3rd period - Tomas Hertl wins face-off versus Ryan O'Reilly in Colorado Rockies zone.
9:06 of 3rd period - Wrist shot by Travis Konecny.
9:06 of 3rd period - Stopped by Andrei Vasilevskiy without a rebound.
9:07 of 3rd period - Tomas Hertl wins face-off versus Jesper Bratt in Colorado Rockies zone.
9:14 of 3rd period - Snap shot by Tomas Hertl.
9:14 of 3rd period - Shot Blocked by Quinn Hughes.
9:16 of 3rd period - Slapshot by Tomas Hertl.
9:16 of 3rd period - Deflect By Kirill Kaprizov.
9:16 of 3rd period - Stopped by Andrei Vasilevskiy without a rebound.
9:17 of 3rd period - Tomas Hertl wins face-off versus Tim Stutzle in Colorado Rockies zone.
9:42 of 3rd period - Penalty Shot by Kirill Kaprizov for Tampa Bay Lightning.
9:42 of 3rd period - Deke by Kirill Kaprizov.
9:42 of 3rd period - Shot Misses the Net.
9:43 of 3rd period - Anze Kopitar wins face-off versus Dylan Strome in Tampa Bay Lightning zone.
9:43 of 3rd period - Anze Kopitar is hit by Nick Schmaltz.
10:09 of 3rd period - Vladislav Gavrikov is hit by Tim Stutzle and loses puck.
11:24 of 3rd period - Wrist shot by Evgeny Kuznetsov.
11:24 of 3rd period - Stopped by Filip Gustavsson with a rebound.
11:26 of 3rd period - Slapshot by Victor Hedman.
11:26 of 3rd period - Shot Misses the Net.
11:28 of 3rd period - Slapshot by Evgeny Kuznetsov.
11:28 of 3rd period - Shot Misses the Net.
12:10 of 3rd period - Slapshot by Jesper Bratt.
12:10 of 3rd period - Stopped by Filip Gustavsson with a rebound.
12:54 of 3rd period - Dylan Cozens is hit by Evgeny Kuznetsov and loses puck.
13:01 of 3rd period - Minor Penalty to Darnell Nurse for Cross-checking.
13:02 of 3rd period - Anze Kopitar wins face-off versus David Pastrnak in Tampa Bay Lightning zone.
15:01 of 3rd period - Penalty to Darnell Nurse is over, Darnell Nurse is back on ice.
15:09 of 3rd period - Shea Theodore is hit by Tomas Hertl and loses puck.
15:12 of 3rd period - Snap shot by Nick Bonino.
15:12 of 3rd period - Stopped by Filip Gustavsson with a rebound.
16:09 of 3rd period - Off-side.
16:10 of 3rd period - Kevin Hayes wins face-off versus Dylan Cozens in neutral zone.
16:37 of 3rd period - Tomas Hertl is hit by Dylan Strome and loses puck.
16:44 of 3rd period - Wrist shot by Nick Schmaltz.
16:44 of 3rd period - Stopped by Filip Gustavsson without a rebound.
16:45 of 3rd period - Evgeny Kuznetsov wins face-off versus Anze Kopitar in Tampa Bay Lightning zone.
16:54 of 3rd period - Wrist shot by Evgeny Kuznetsov.
16:54 of 3rd period - Stopped by Filip Gustavsson without a rebound.
16:55 of 3rd period - Anze Kopitar wins face-off versus Evgeny Kuznetsov in Tampa Bay Lightning zone.
17:14 of 3rd period - Wrist shot by Nick Schmaltz.
17:14 of 3rd period - Shot Misses the Net.
17:16 of 3rd period - Snap shot by Quinn Hughes.
17:16 of 3rd period - Stopped by Filip Gustavsson without a rebound.
17:17 of 3rd period - Tomas Hertl wins face-off versus David Pastrnak in Tampa Bay Lightning zone.
17:32 of 3rd period - Wrist shot by Travis Konecny.
17:32 of 3rd period - Stopped by Andrei Vasilevskiy with a rebound.
18:07 of 3rd period - Minor Penalty to Dylan Cozens for Tripping.
18:08 of 3rd period - Ryan O'Reilly wins face-off versus Anze Kopitar in Tampa Bay Lightning zone.
Goals for this period are 0 for Colorado Rockies vs 0 for Tampa Bay Lightning.
Shots for this period are 11 for Colorado Rockies vs 11 for Tampa Bay Lightning.
Back to the Top